 Dungeon Crawl Stone Soup version 0.28.0 (webtiles) character file.

Game seed: 10236932857399791375

107 pkoi the Gusty (level 4, -1/33 HPs)
             Began as a Draconian Air Elementalist on Feb 19, 2022.
             Slain by a gnoll (7 damage)
             ... on level 2 of the Dungeon.
             The game lasted 00:05:09 (3585 turns).

pkoi the Gusty (Draconian Air Elementalist)         Turns: 3585, Time: 00:05:10

Health: -1/33      AC:  5    Str: 11    XL:     4   Next: 57%
Magic:  5/8        EV: 12    Int: 17    God:
Gold:   62         SH:  0    Dex: 11    Spells: 8/9 levels left

rFire   + . .      SeeInvis .   c - +0 dagger
rCold   + . .      Faith    .   (no shield)
rNeg    . . .      Spirit   .   (armour unavailable)
rPois   +          Reflect  .   (helmet restricted)
rElec   +          Harm     .   (no cloak)
rCorr   +          Rampage  .   (no gloves)
Will    .....                   (no boots)
Stlth   ++........              e - amulet of the acrobat
HPRegen 0.11/turn               (no ring)
MPRegen 0.11/turn               (no ring)

@: mighty, resistant
A: AC +5, unfitting armour, cold-blooded
a: no special abilities


You were on level 2 of the Dungeon.
You visited 1 branch of the dungeon, and saw 3 of its levels.

You collected 62 gold pieces.

Inventory:

Hand Weapons
 c - a +0 dagger (weapon)
Missiles
 a - 7 javelins
 d - 6 poisoned darts
Jewellery
 e - an amulet of the acrobat (around neck)
Scrolls
 b - a scroll of noise {unknown}
 h - a scroll of summoning {unknown}
 i - a scroll of silence {unknown}
 k - a scroll of magic mapping {unknown}
Potions
 j - a potion of cancellation {unknown}
 l - a potion of curing


   Skills:
 - Level 1.7 Dodging
 - Level 1.7 Stealth
 - Level 3.0 Spellcasting
 - Level 1.0 Conjurations
 * Level 4.8 Air Magic


You had 8 spell levels left.
You knew the following spells:

 Your Spells              Type           Power      Damage    Failure   Level
a - Shock                 Conj/Air       48%        1d6       5%          1

Your spell library contained the following spells:

 Spells                   Type           Power      Damage    Failure   Level
 Swiftness                Air            18%        N/A       8%          3
 Static Discharge         Conj/Air       12%        N/A       9%          2
 Sandblast                Erth           4%         2d4       17%         1
 Airstrike                Air            9%         N/A       24%         4
 Passwall                 Tmut/Erth      1%         N/A       26%         2
 Stone Arrow              Conj/Erth      8%         3d7       38%         3


Dungeon Overview and Level Annotations

Branches:
Dungeon (3/15)

Altars:

Annotations:
D:2 Sigmund
D:3 Terence


Innate Abilities, Weirdness & Mutations

Your plain brown scales are hard. (AC +5)
You cannot fit into any form of body armour.
You are cold-blooded and may be slowed by cold attacks.


Message History

The gnoll barely misses you. The gnoll hits you with a +0 spear.
There is a stone staircase leading up here.
You see here a jackal skeleton.
The gnoll hits you with a +0 flail.
* * * LOW HITPOINT WARNING * * *
The gnoll hits you with a +0 spear.
* * * LOW HITPOINT WARNING * * *
You climb upwards.
Level annotation: Sigmund
There is a stone staircase leading down here.
Unknown command.
You barely miss the gnoll.
You tail-slap the gnoll, but do no damage.
The gnoll is moderately wounded.
The gnoll hits you with a +0 flail!
* * * LOW HITPOINT WARNING * * *
The gnoll hits you with a +0 spear.
* * * LOW HITPOINT WARNING * * *
Aiming: Shock (safe; 5% risk of failure)
Press: ? - help, Q - select action, (/) - cycle Shift-Dir - straight line, f - gnoll
Aim: a gnoll, wielding a +0 flail (moderately wounded, 72% to hit)
The zap hits the gnoll.
The gnoll is moderately wounded.
The gnoll barely misses you. The gnoll misses you.
Aiming: Shock (safe; 5% risk of failure)
Press: ? - help, Q - select action, (/) - cycle Shift-Dir - straight line, f/p - gnoll
Aim: a gnoll, wielding a +0 flail (moderately wounded, 72% to hit)
The zap hits the gnoll.
The gnoll is severely wounded.
The gnoll barely misses you. The gnoll hits you with a +0 spear.
* * * LOW HITPOINT WARNING * * *
It was a potion of resistance.
You feel protected. The gnoll barely misses you. The gnoll closely misses you.
It was a potion of might.
You feel very mighty all of a sudden. The gnoll hits you with a +0 flail.
* * * LOW HITPOINT WARNING * * *
The gnoll hits you with a +0 spear!
You die...

##.###.# #..<.
###...##.##########....
#......................
#.#...##...............
#.##.#########.####....
#.##.# #.# #..†.
#######.##.# #.# #....
#.......##.####### #>#
####.
#.###......g@g...###.#
#. #)#
#.####.#####.##..# ##
#.# #.# #.# #.##.## #
#.# #.#
#.#####.##.#########
#.# #.#
#.#.................
#.# #.#
#.#.################
#.# #.# #.#.#.....# #
#.# #.#
#.#.#.###.##########
#.# #.# #.#.#.#
#...........


You could see 2 gnolls.

Vanquished Creatures
  4 gnolls
  2 worms (D:3)
  9 endoplasms
  A giant cockroach (D:2)
  7 hobgoblins
  8 jackals
  4 kobolds
  A quokka (D:3)
  6 ball pythons
  3 frilled lizards
  6 goblins
  4 rats
55 creatures vanquished.

Notes
Turn   | Place    | Note
-------+----------+-------------------------------------------
     0 | D:1      | pkoi the Draconian Air Elementalist began the quest for the
                  | Orb.
     0 | D:1      | Reached XP level 1. HP: 14/14 MP: 3/3
   419 | D:1      | Reached XP level 2. HP: 20/20 MP: 1/5
  1141 | D:2      | Reached XP level 3. HP: 26/26 MP: 4/6
  1376 | D:2      | Reached skill level 4 in Air Magic
  1536 | D:1      | Reached XP level 4. HP: 12/33 MP: 3/8
  2185 | D:2      | Noticed Sigmund
  2999 | D:3      | Noticed Terence
  3188 | D:3      | Found a faded altar of an unknown god.
  3585 | D:2      | Slain by a gnoll

Illustrated notes

Levels and vault maps discovered:
D:1:      doesnt_arrival_eight_statues, layout_rooms
D:2:      layout_loops_ring, grunt_decor_junction, uniq_sigmund
D:3:      layout_basic, lemuel_round_altar, nicolae_ecumenical_pavilion,
          uniq_crazy_yiuf_cottage, uniq_terence

Skill      XL: |  1  2  3  4 |
---------------+-------------+-----
Air Magic      | 4 |  4.8
Spellcasting   | 3 |  3.0
Dodging        | |  1.7
Stealth        | |  1.7
Conjurations   | |  1.0

Action                   |  1- 3 |  4- 6 || total
-------------------------+-------+-------++-------
Melee: Dagger            |    30 |    19 ||    49
       Unarmed           |     5 |       ||     5
       Tailslap          |     2 |     6 ||     8
       Punch             |     1 |     1 ||     2
 Cast: Shock             |    61 |    63 ||   124
  Use: Potion            |     2 |     2 ||     4
       Scroll            |     1 |       ||     1
Armor: Skin              |    10 |     8 ||    18
Dodge: Dodged            |    24 |    36 ||    60
